 Dungeon Crawl Stone Soup version 0.17-a0-1882-g750edc8 (webtiles) character file.

119 GrandHerb the Ducker (level 5, -6/31 HPs)
             Began as a Tengu Gladiator on Sept 22, 2015.
             Was an Initiate of the Shining One.
             Mangled by a worker ant (7 damage)
             ... on level 4 of the Dungeon.
             The game lasted 00:23:19 (2784 turns).

GrandHerb the Ducker (Tengu Gladiator)              Turns: 2784, Time: 00:23:19

Health: -6/31      AC:  9    Str: 15    XL:     5   Next: 3%
Magic:  6/6        EV: 13    Int:  4    God:    the Shining One [......]
Gold:   79         SH:  0    Dex: 16    Spells: 0 memorised, 4 levels left

rFire  . . .     SeeInvis .     a - +0 trident
rCold  . . .     Clarity  .     i - +0 ring mail
rNeg   . . .     SustAt   .     (no shield)
rPois  .         Gourm    .     c - +0 hat
rElec  .         Spirit   .     q - +2 cloak
rCorr  .         Warding  .     t - +0 pair of gloves
rMut   .         Stasis   .     (boots unavailable)
MR     .....                    (no amulet)
Stlth  ++........               w - -4 ring of intelligence (curse)
                                n - ring of stealth

@: lethally poisoned (-6 -> -18), not resistant to hostile enchantments,
unstealthy
A: beak, talons 3, able to fly 1
a: Fly, Renounce Religion


You were on level 4 of the Dungeon.
You worshipped the Shining One.
The Shining One was noncommittal.
You were near starving.

You visited 1 branch of the dungeon, and saw 4 of its levels.

You collected 79 gold pieces.

Inventory:

Hand weapons
 a - a +0 trident (weapon)
Missiles
 d - 3 throwing nets (quivered)
Armour
 c - a +0 hat (worn)
 i - a +0 ring mail (worn)
 q - a +2 cloak (worn)
 t - a +0 pair of gloves (worn)
Jewellery
 n - a ring of stealth (left hand)
 w - a cursed -4 ring of intelligence (right hand)
Scrolls
 f - 2 scrolls of fear {unknown}
 g - 2 scrolls of enchant armour {unknown}
 l - 2 scrolls of teleportation {unknown}
 m - 4 scrolls of identify {unknown}
 o - a scroll of recharging {unknown}
 p - a scroll of fog {unknown}
 r - a scroll of amnesia {unknown}
 u - a scroll of random uselessness {unknown}
Potions
 h - 6 potions of might {unknown}
 j - a potion of heal wounds {unknown}
 s - a potion of magic {unknown}
 v - a potion of invisibility {unknown}
 x - 2 potions of curing {unknown}
Comestibles
 b - a meat ration
 e - 3 bread rations
 k - 3 beef jerkies


   Skills:
 + Level 2.7 Fighting
 + Level 3.7 Polearms
 + Level 3.4 Throwing
 + Level 1.5 Armour
 + Level 4.0 Dodging
 + Level 0.6 Invocations


You had 4 spell levels left.
You didn't know any spells.

Dungeon Overview and Level Annotations

Branches:
Dungeon (4/15)             Temple (0/1) D:4

Altars:
The Shining One


Innate Abilities, Weirdness & Mutations

You have a beak for a mouth.
You have claws for feet.
You can fly.


Message History

You hit the worker ant but do no damage.
You claw the worker ant.
The worker ant is moderately wounded.
You feel sick. The worker ant closely misses you.
The worker ant closely misses you.
You hit the worker ant.
You claw the worker ant, but do no damage.
You peck the worker ant, but do no damage.
The worker ant is heavily wounded.
You feel sick. The worker ant bites you!
* * * LOW HITPOINT WARNING * * *
You are more poisoned.
The worker ant poisons you!
* * * LOW HITPOINT WARNING * * *
You feel sick.
* * * LOW HITPOINT WARNING * * *
You feel sick.
* * * LOW HITPOINT WARNING * * *
You feel sick. The worker ant bites you!
You die...

..###..##.%...#.#
..............#..
######...##.###.##
........##.###..#
######..........#
#...#)#....#
#..#.#.#..##
#.#.#.#a#.######
#..#.>.#@.......
..#.#.#.#..#####
.....#.#.#...#
......#.# ...#
###..... ..# #####
### #.#


You could see a worker ant.

Vanquished Creatures
  5 adders (D:2)
  2 oozes
  2 giant geckos
  6 orcs
  6 bats
  7 goblins
  7 hobgoblins
  3 giant cockroaches
  4 giant newts
  9 kobolds
  9 rats
60 creatures vanquished.

Notes
Turn   | Place    | Note
--------------------------------------------------------------
     0 | D:1      | GrandHerb the Tengu Gladiator began the quest for the Orb.
     0 | D:1      | Reached XP level 1. HP: 12/12 MP: 2/2
   188 | D:1      | Reached XP level 2. HP: 12/17 MP: 3/3
   358 | D:1      | Reached skill level 1 in Armour
  1095 | D:2      | Reached XP level 3. HP: 18/21 MP: 4/4
  1121 | D:2      | Found a glowing golden altar of the Shining One.
  1132 | D:2      | Became a worshipper of the Shining One
  1761 | D:2      | Reached XP level 4. HP: 27/27 MP: 5/5
  2516 | D:3      | Reached skill level 4 in Dodging
  2606 | D:3      | Gained mutation: You can fly. [Tengu growth]
  2606 | D:3      | Reached XP level 5. HP: 31/31 MP: 6/6
  2768 | D:4      | Found a staircase to the Ecumenical Temple.
  2784 | D:4      | HP: 1/31 [poisoned by a worker ant]
  2784 | D:4      | Mangled by a worker ant

Vault maps used:
D:1:      minmay_arrival_checkered_box
D:2:      nicolae_tso_carved_into_rock
D:3:      first_bread, serial_park_tiny_pond
D:4:      minmay_temple_entry_grid, serial_shops, nicolae_shop_trees

Action                   |  1- 3 |  4- 6 || total
-------------------------+-------+-------++-------
Melee: Trident           |    92 |    88 ||   180
 Stab: Sleeping          |       |     3 ||     3
  Eat: Chunk             |     3 |     1 ||     4
